 Dungeon Crawl Stone Soup version 0.21-a0-110-g8e1637b (webtiles) character file.

466 Lavandula the Cutter (level 6, -3/43 HPs)
             Began as a Mummy Arcane Marksman on July 7, 2017.
             Slain by a gnoll
             ... wielding a +0 spear
              (6 damage)
             ... on level 4 of the Dungeon.
             The game lasted 00:11:23 (1843 turns).

Lavandula the Cutter (Mummy Arcane Marksman)        Turns: 1843, Time: 00:11:24

Health: -3/43      AC:  4    Str: 13    XL:     6   Next: 81%
Magic:  8/8        EV: 12    Int: 13    God:
Gold:   142        SH:  0    Dex: 14    Spells: 4/7 levels left

rFire    x . .     SeeInvis .   a - +0 hand crossbow
rCold    + . .     Gourm    .   (no shield)
rNeg     + + +     Faith    .   o - +0 leather armour (curse)
rPois    ∞         Spirit   .   (no helmet)
rElec    .         Reflect  .   (no cloak)
rCorr    .         Harm     .   n - +0 pair of gloves
MR       .....                  (no boots)
Stlth    +.........             (no amulet)
HPRegen  0.14/turn              (no ring)
MPRegen  0.11/turn              (no ring)

@: no status effects
A: no food or potions, fire vulnerability, cold resistance 1, negative energy
resistance 3, torment resistance, unbreathing
a: no special abilities


You were on level 4 of the Dungeon.
You were not hungry.

You visited 1 branch of the dungeon, and saw 4 of its levels.

You collected 142 gold pieces.

Inventory:

Hand Weapons
 a - a +0 hand crossbow (weapon)
 f - a cursed -3 hunting sling
 m - a +1 dagger of pain
Missiles
 d - 10 bolts (quivered)
 q - 4 tomahawks of returning
Armour
 n - a +0 pair of gloves (worn)
 o - a cursed +0 leather armour (worn)
Jewellery
 h - an uncursed ring of see invisible {unknown}
Scrolls
 b - a scroll of blinking
 e - a scroll of noise
 g - a scroll of remove curse {unknown}
 i - a scroll of recharging {unknown}
 j - a scroll of amnesia {unknown}
 k - a scroll of teleportation
 l - a scroll of fear {unknown}
 p - a scroll of enchant weapon {unknown}
Books
 c - a book of Debilitation

   Spells                             Type                      Level
   a - Corona                         Hexes                        1
   b - Slow                           Hexes                        2
   c - Inner Flame                    Hexes/Fire                   3
   d - Portal Projectile              Hexes/Translocation          3
   e - Cause Fear                     Hexes                        4
   f - Leda's Liquefaction            Hexes/Earth                  4


   Skills:
 - Level 1.0 Fighting
 - Level 4.0 Short Blades
 + Level 3.6 Crossbows
 - Level 2.8 Dodging
 - Level 1.3 Spellcasting
 - Level 2.6 Hexes


You had 4 spell levels left.
You knew the following spells:

 Your Spells              Type           Power        Failure   Level  Hunger
a - Corona                Hex            #......      12%         1    N/A
b - Slow                  Hex            #.......     17%         2    N/A

Dungeon Overview and Level Annotations

Branches:
Dungeon (4/15)
 Temple: D:4-7

Altars:
Nemelex Xobeh
Qazlal

Annotations:
D:2 Terence


Innate Abilities, Weirdness & Mutations

You do not eat or drink.
Your flesh is vulnerable to fire.
You are immune to poison.
Your flesh is cold resistant. (rC+)
You are immune to negative energy. (rN+++)
You are immune to unholy pain and torment.
You can survive without breathing.


Message History

The bolt hits the gnoll but does no damage.
The gnoll is almost dead.
The gnoll hits you from afar with a spear.
* * * LOW HITPOINT WARNING * * *
Firing (i - inventory. (,) - cycle):
d - 12 bolts (quivered)
Press: ? - help, Shift-Dir - straight line, f/p - gnoll
Aim: a gnoll, wielding a spear (almost dead)
You shoot a bolt.
The bolt hits the gnoll but does no damage.
The gnoll is almost dead.
The gnoll hits you from afar with a spear.
* * * LOW HITPOINT WARNING * * *
Firing (i - inventory. (,) - cycle):
d - 11 bolts (quivered)
Press: ? - help, Shift-Dir - straight line, f/p - gnoll
Aim: a gnoll, wielding a spear (almost dead)
You shoot a bolt. The bolt hits the gnoll.
The gnoll is almost dead.
The gnoll barely misses you.
The gnoll hits you from afar with a spear.
You die...

### ####.#......# #####.#
#....#....#. #.....#
#.###.....#.
#.###'###.###....... ###
#.##[...#...(.....# ..#
#.##....####......# ..#
#.##....# #g#.#'##
..###.#.....# #(#.#.# #
..'.........####@#.#.##.#####
..###.#.#'###........<.......
......#.#.# #.##.#.##########
......#.#.# #.##.#......
##....#.#.# #.##........
....#.#.#.# #>...........
###.#.#.#.# #.###########
#.#.#.#.###.# #.#.........#


You could see a gnoll.

Vanquished Creatures
  Grinder (D:3)
  A howler monkey (D:4)
  An orc wizard (D:3)
  Natasha (D:2)
  A worker ant (D:4)
  4 adders
  2 gnolls (D:4)
  2 oozes (D:3)
  An adder skeleton (D:4)
  A worm (D:3)
  2 dart slugs
  A leopard gecko (D:3)
  13 orcs
  5 bats
  2 giant cockroaches
  4 goblins
  7 hobgoblins
  4 jackals (D:2)
  3 kobolds
  A quokka (D:2)
  5 frilled lizards
  5 rats
67 creatures vanquished.

Notes
Turn   | Place    | Note
-------+----------+-------------------------------------------
     0 | D:1      | Lavandula the Mummy Arcane Marksman began the quest for the Orb.
     0 | D:1      | Reached XP level 1. HP: 15/15 MP: 2/2
    95 | D:1      | Reached XP level 2. HP: 21/21 MP: 4/4
   261 | D:2      | Learned a level 2 spell: Slow
   261 | D:2      | Noticed Natasha
   266 | D:2      | Noticed a crimson imp
   266 | D:2      | Killed Natasha
   266 | D:2      | Reached XP level 3. HP: 6/26 MP: 5/5
   624 | D:2      | Noticed Terence
   774 | D:2      | Reached XP level 4. HP: 30/32 MP: 4/6
   886 | D:3      | Found a stormy altar of Qazlal.
   905 | D:3      | Reached skill level 1 in Short Blades
  1210 | D:3      | Reached XP level 5. HP: 31/37 MP: 3/7
  1322 | D:3      | Noticed Grinder
  1338 | D:3      | Killed Grinder
  1338 | D:3      | Reached skill level 3 in Short Blades
  1338 | D:3      | Reached XP level 6. HP: 37/43 MP: 8/8
  1710 | D:4      | Found a sparkling altar of Nemelex Xobeh.
  1772 | D:4      | Reached skill level 4 in Short Blades
  1843 | D:4      | Slain by a gnoll

Vault maps used:
D:1:      evilmike_arrival_hilbert_curve
D:2:      grunt_temple_overflow_open, columned_hall_lemuel, uniq_terence,
          uniq_natasha
D:3:      grunt_qazlal_clouds, uniq_grinder
D:4:      marbit_many_paths, nemelex_xobeh_ov_fountains_minmay

Skill      XL: |  1  2  3  4  5  6 |
---------------+-------------------+-----
Crossbows      | 2 3 |  3.6
Short Blades   | 1 3 4 |  4.0
Dodging        | 2 |  2.8
Fighting       | |  1.0
Spellcasting   | |  1.3
Hexes          | |  2.6

Action                   |  1- 3 |  4- 6 || total
-------------------------+-------+-------++-------
Melee: Dagger            |    10 |   124 ||   134
 Fire: Hand crossbow     |    40 |    84 ||   124
 Cast: Corona            |    11 |    25 ||    36
       Slow              |       |     2 ||     2
  Use: Scroll            |       |     3 ||     3
Armor: Leather armour    |    12 |    32 ||    44
Dodge: Dodged            |    14 |    91 ||   105
